 Dungeon Crawl Stone Soup version 0.23.2-40-g277498a001 (webtiles) character file.

Game seed: 3249532619106980641

181 Exodus22XD the Magician (level 5, 0/35 HPs)
             Began as a Mummy Ice Elementalist on Sept 7, 2019.
             Slain by a hobgoblin (1 damage)
             ... on level 3 of the Dungeon.
             The game lasted 00:10:08 (2209 turns).

Exodus22XD the Magician (Mummy Ice Elementalist)    Turns: 2209, Time: 00:10:09

Health: 0/35       AC:  3    Str: 12    XL:     5   Next: 34%
Magic:  2/12       EV: 12    Int: 15    God:
Gold:   146        SH:  0    Dex: 12    Spells: 10/13 levels left

rFire    x . .     SeeInvis .   b - +0 dagger
rCold    + . .     Gourm    .   (no shield)
rNeg     + + +     Faith    .   a - +0 robe
rPois    ∞         Spirit   .   d - +0 helmet
rElec    .         Reflect  .   (no cloak)
rCorr    .         Harm     .   (no gloves)
MR       .....                  (no boots)
Stlth    ++........             (no amulet)
HPRegen  0.11/turn              (no ring)
MPRegen  0.13/turn              (no ring)

@: no status effects
A: no food or potions, fire vulnerability, cold resistance 1, negative energy
resistance 3, torment resistance, unbreathing
a: no special abilities


You were on level 3 of the Dungeon.
You were not hungry.

You visited 1 branch of the dungeon, and saw 3 of its levels.

You collected 146 gold pieces.

Inventory:

Hand Weapons
 b - a +0 dagger (weapon)
Armour
 a - a +0 robe (worn)
 d - a +0 helmet (worn)
Scrolls
 c - 2 scrolls of identify {unknown}
 e - a scroll of random uselessness {unknown}
 f - a scroll of amnesia {unknown}
 g - a scroll of remove curse {unknown}
 h - a scroll of magic mapping {unknown}


   Skills:
 - Level 1.5 Dodging
 - Level 1.5 Stealth
 + Level 4.7 Spellcasting
 + Level 0.8 Conjurations
 + Level 4.2 Ice Magic


You had 10 spell levels left.
You knew the following spells:

 Your Spells              Type           Power        Failure   Level  Hunger
a - Freeze                Ice            ###.         3%          1    N/A
b - Throw Frost           Conj/Ice       ##....       9%          2    N/A

Your spell library contained the following spells:

 Spells                   Type           Power        Failure   Level  Hunger
 Ozocubu's Armour         Chrm/Ice       #.......     22%         3    N/A
 Throw Icicle             Conj/Ice       ##......     52%         4    N/A
 Summon Ice Beast         Ice/Summ       #.......     56%         4    N/A

Dungeon Overview and Level Annotations

Branches:
Dungeon (3/15)

Altars:
Trog


Innate Abilities, Weirdness & Mutations

You do not eat or drink.
Your flesh is vulnerable to fire.
You are immune to poison.
Your flesh is cold resistant. (rC+)
You are immune to negative energy. (rN+++)
You are immune to unholy pain and torment.
You can survive without breathing.


Message History

Unknown command.
Casting: Freeze (safe; 3% risk of failure)
Confirm with . or Enter, or press ? or * to list all spells.
Aiming: Freeze (safe; 3% risk of failure)
Press: ? - help, Shift-Dir - straight line, f - orc
Aim: an orc, wielding a +0 club You freeze the orc.
The orc is severely wounded.
The hobgoblin hits you.
* * * LOW HITPOINT WARNING * * *
The orc barely misses you.
Casting: Freeze (safe; 3% risk of failure)
Confirm with . or Enter, or press ? or * to list all spells.
Aiming: Freeze (safe; 3% risk of failure)
Press: ? - help, Shift-Dir - straight line, f/p - orc
Aim: an orc, wielding a +0 club (severely wounded)
You freeze the orc.
You kill the orc!
The hobgoblin hits you.
You die...

#.######....#.#
#....# .
#..%.#+#######'##
#...........##.!#
#...............#
###.............#
#.............##
#................#
#....g)...#####+##
..%#....)@...#
........######
........#
.......o#
.........
......oo.
..........
.....l%...
...........


You could see a hobgoblin.

Vanquished Creatures
  A scorpion (D:2)
  An orc priest (D:3)
  4 adders (D:2)
  A dart slug (D:1)
  2 leopard geckos (D:2)
  3 orcs (D:3)
  2 ball pythons (D:3)
  6 bats
  2 giant cockroaches (D:2)
  8 goblins
  7 hobgoblins
  4 frilled lizards
  11 kobolds
  7 rats
59 creatures vanquished.

Notes
Turn   | Place    | Note
-------+----------+-------------------------------------------
     0 | D:1      | Exodus22XD the Mummy Ice Elementalist began the quest for
                  | the Orb.
     0 | D:1      | Reached XP level 1. HP: 13/13 MP: 4/4
   389 | D:1      | Reached XP level 2. HP: 19/19 MP: 1/6
   468 | D:1      | Learned a level 2 spell: Throw Frost
  1133 | D:2      | Reached XP level 3. HP: 21/24 MP: 0/7
  1257 | D:2      | Noticed a scorpion
  1278 | D:2      | Killed a scorpion
  1278 | D:2      | Reached XP level 4. HP: 30/30 MP: 0/10
  2030 | D:2      | Found a bloodstained altar of Trog.
  2037 | D:2      | Reached XP level 5. HP: 34/35 MP: 7/11
  2208 | D:3      | HP: 1/35 [hobgoblin (1)]
  2209 | D:3      | Slain by a hobgoblin

Skill      XL: |  1  2  3  4 |
---------------+-------------+-----
Spellcasting   | 3 4 |  4.7
Ice Magic      | 3 4 |  4.2
Dodging        | |  1.5
Stealth        | |  1.5
Conjurations   | |  0.8

Action                   |  1- 3 |  4- 6 || total
-------------------------+-------+-------++-------
Melee: Dagger            |     4 |     3 ||     7
 Cast: Freeze            |    42 |    56 ||    98
       Throw Frost       |     2 |     1 ||     3
 Stab: Sleeping          |     1 |     3 ||     4
Armor: Robe              |     9 |    14 ||    23
Dodge: Dodged            |    41 |    50 ||    91
